 Dungeon Crawl Stone Soup version 0.26.1-2-gb8aa6d0cf2 (webtiles) character file.

Game seed: 8889049276917513286

84 windgrace the Chiller (level 4, 0/33 HPs)
             Began as a Demonspawn Ice Elementalist on Feb 13, 2021.
             Killed by nerve-wracking pain
             ... invoked by an orc priest
              (9 damage)
             ... on level 3 of the Dungeon.
             The game lasted 00:11:03 (2024 turns).

windgrace the Chiller (Demonspawn Ice Elementalist) Turns: 2024, Time: 00:11:04

Health: 0/33       AC:  2    Str:  9    XL:     4   Next: 23%
Magic:  4/8        EV: 12    Int: 17    God:
Gold:   152        SH:  0    Dex: 13    Spells: 1/8 levels left

rFire    . . .     SeeInvis .   l - +0 spear
rCold    . . .     Faith    .   (no shield)
rNeg     . . .     Spirit   .   a - +0 robe
rPois    .         Reflect  .   (no helmet)
rElec    .         Harm     .   (no cloak)
rCorr    .         Rampage  .   (no gloves)
Will     .....                  (no boots)
Stlth    ++........             (no amulet)
HPRegen  0.11/turn              (no ring)
MPRegen  0.11/turn              (no ring)

@: no status effects
A: hooves 1, spiny 1
a: no special abilities


You were on level 3 of the Dungeon.
You visited 1 branch of the dungeon, and saw 3 of its levels.

You collected 152 gold pieces.

Inventory:

Hand Weapons
 i - a +0 dagger
 l - a +0 spear (weapon)
Missiles
 k - 5 boomerangs
Armour
 a - a +0 robe (worn)
 o - a +0 chain mail
Scrolls
 b - 2 scrolls of identify {unknown}
 c - a scroll of enchant armour {unknown}
 d - a scroll of teleportation {unknown}
 f - a scroll of remove curse {unknown}
 g - 3 scrolls of enchant weapon {unknown}
 n - a scroll of random uselessness {unknown}
 p - a scroll of magic mapping {unknown}
 q - a scroll of fog {unknown}
Potions
 e - a potion of haste {unknown}
 h - 2 potions of resistance {unknown}
 j - a potion of curing {unknown}
 m - a potion of heal wounds {unknown}
 r - a potion of flight {unknown}
 s - a potion of degeneration {unknown}


   Skills:
 - Level 2.0 Fighting
 + Level 0.8 Polearms
 - Level 1.7 Dodging
 - Level 1.7 Stealth
 + Level 2.7 Spellcasting
 + Level 4.1 Ice Magic


You had one spell level left.
You knew the following spells:

 Your Spells              Type           Power        Failure   Level
a - Freeze                Ice            64%          3%          1
b - Frozen Ramparts       Ice            32%          10%         3
c - Ozocubu's Armour      Ice            16%          10%         3

Your spell library contained the following spells:

 Spells                   Type           Power        Failure   Level
 Hailstorm                Conj/Ice       9%           58%         4
 Summon Ice Beast         Ice/Summ       9%           58%         4


Dungeon Overview and Level Annotations

Branches:
Dungeon (3/15)

Altars:


Innate Abilities, Weirdness & Mutations

You have large cloven feet.
You are partially covered in sharp spines.


Message History

You barely miss the orc. You kick the orc.
You kill the orc!
The wall freezes the orc priest.
The orc priest calls down the wrath of Beogh upon you.
Beogh smites you!
* * * LOW HITPOINT WARNING * * *
The orc priest calls upon Beogh to heal the orc priest.
The orc priest's wounds heal themselves!
Your icy armour and frozen ramparts will break if you move.
Continue?
Your icy armour cracks and falls away as you move.
The frozen ramparts melt away as you move.
The orc priest invokes the aid of Beogh against you.
Pain shoots through your body!
* * * LOW HITPOINT WARNING * * *
Casting: Ozocubu's Armour (quite dangerous; 10% risk of failure)
Confirm with . or Enter, or press ? or * to list all spells.
Okay, then.
The orc priest mumbles some strange prayers to Beogh against you.
Pain shoots through your body!
You die...

######.# #####.####.#
#)).o.o########...#
#.#
#o######........#.#
#.#
#o#....########...#
#.#
#.#.##o#..>.....###
#.# #.#..#.########.#
#.# #.##.#.# #<# #.#
#....#.# #.# #.#
######@# #.# #.# #.
#..# #.# #.# #.# #.##
#.# #.. ###.###.# #.#
##. #....)..# #.# #.
###.....###########.#
#<
#...[...............#
#.
###.....######.###.##
#. ###.......# #.#
#.# #.


You could see an orc priest.

Vanquished Creatures
  Jessica (D:3)
  An adder (D:2)
  A worm (D:2)
  A leopard gecko (D:1)
  3 orcs (D:3)
  2 giant cockroaches
  4 goblins (D:1)
  6 hobgoblins
  4 jackals (D:2)
  4 kobolds
  A quokka (D:3)
  2 bats
  4 frilled lizards
  7 rats
41 creatures vanquished.

Notes
Turn   | Place    | Note
-------+----------+-------------------------------------------
     0 | D:1      | windgrace the Demonspawn Ice Elementalist began the quest
                  | for the Orb.
     0 | D:1      | Reached XP level 1. HP: 13/13 MP: 3/3
   404 | D:1      | Reached skill level 1 in Fighting
   406 | D:1      | Gained mutation: You are partially covered in sharp spines.
                  | [demonic ancestry]
   406 | D:1      | Reached XP level 2. HP: 21/21 MP: 1/5
  1083 | D:2      | Gained mutation: You have large cloven feet. [demonic
                  | ancestry]
  1083 | D:2      | Reached XP level 3. HP: 20/27 MP: 4/6
  1088 | D:2      | Learned a level 3 spell: Frozen Ramparts
  1409 | D:2      | Reached skill level 4 in Ice Magic
  1888 | D:3      | Noticed Jessica
  1893 | D:3      | Killed Jessica
  1894 | D:3      | Reached XP level 4. HP: 33/33 MP: 3/8
  1898 | D:3      | Learned a level 3 spell: Ozocubu's Armour
  2024 | D:3      | Killed from afar by an orc priest

Illustrated notes

Levels and vault maps discovered:
D:1:      saegor_arrival_simple_b, layout_basic, chequers_serial_rivers_micro_a,
          corexii_hall_statues_l
D:2:      layout_rooms, minmay_tripent
D:3:      layout_loops_ring, roderic_serpentine_path, patterned_corridor,
          uniq_jessica

Skill      XL: |  1  2  3 |
---------------+----------+-----
Fighting       | 1 2 |  2.0
Ice Magic      | 4 |  4.1
Polearms       | |  0.8
Dodging        | |  1.7
Stealth        | |  1.7
Spellcasting   | |  2.7

Action                   |  1- 3 |  4- 6 || total
-------------------------+-------+-------++-------
Melee: Unarmed           |    27 |       ||    27
       Spear             |    48 |     3 ||    51
       Kick              |     4 |     2 ||     6
 Cast: Freeze            |    22 |       ||    22
       Frozen Ramparts   |     3 |     1 ||     4
       Ozocubu's Armour  |       |     1 ||     1
 Stab: Sleeping          |     2 |       ||     2
Armor: Robe              |    11 |       ||    11
Dodge: Dodged            |    38 |     1 ||    39
